 Dungeon Crawl Stone Soup version 0.20-a0-370-gd6af2a4 (webtiles) character file.

116 Da5id the Chopper (level 4, -2/39 HPs)
             Began as a Minotaur Fighter on Dec 27, 2016.
             Was an Initiate of Makhleb.
             Slain by a killer bee (4 damage)
             ... on level 3 of the Dungeon.
             The game lasted 00:02:21 (1458 turns).

Da5id the Chopper (Minotaur Fighter)                Turns: 1458, Time: 00:02:22

Health: -2/39      AC:  6    Str: 27    XL:     4   Next: 69%
Magic:  3/3        EV:  7    Int:  5    God:    Makhleb [......]
Gold:   132        SH: 10    Dex:  9    Spells: 3/3 levels left

rFire  . . .     SeeInvis .     a - +0 war axe
rCold  . . .     Gourm    .     b - +0 scale mail
rNeg   . . .     Faith    .     c - +0 shield
rPois  .         Spirit   .     (helmet restricted)
rElec  .         Reflect  .     (no cloak)
rCorr  .         Harm     .     (no gloves)
MR     .....                    (no boots)
Stlth  ..........               (no amulet)
                                (no ring)
                                n - ring of flight

@: mighty
A: retaliatory headbutt, horns 2
a: Renounce Religion, Evoke Flight


You were on level 3 of the Dungeon.
You worshipped Makhleb.
Makhleb was noncommittal.
You were not hungry.

You visited 1 branch of the dungeon, and saw 3 of its levels.

You collected 132 gold pieces.

Inventory:

Hand Weapons
 a - a +0 war axe (weapon)
Armour
 b - a +0 scale mail (worn)
 c - a +0 shield (worn)
Magical Staves
 p - an uncursed staff of air {unknown}
Jewellery
 n - a ring of flight (left hand)
Scrolls
 e - 3 scrolls of remove curse {unknown}
 k - 3 scrolls of identify {unknown}
 l - 2 scrolls of fear {unknown}
 m - a scroll of immolation {unknown}
 o - 2 scrolls of blinking {unknown}
Potions
 d - a potion of might
 i - a potion of ambrosia {unknown}
 q - a potion of cure mutation {unknown}
 s - a potion of mutation {unknown}
 t - a potion of flight {unknown}
Comestibles
 f - 2 bread rations
 g - 2 chunks of flesh
 h - a meat ration
 j - a slice of pizza


   Skills:
 - Level 3.6 Fighting
 + Level 6.0 Axes
 - Level 3.6 Armour
 - Level 3.6 Shields


You had 3 spell levels left.
You didn't know any spells.

Dungeon Overview and Level Annotations

Branches:
Dungeon (3/15)

Altars:
Dithmenos
Makhleb


Innate Abilities, Weirdness & Mutations

You reflexively headbutt those who attack you in melee.
You have a pair of horns on your head.


Message History

You feel sick. The killer bee stings you! You block the killer bee's attack. x2
The killer bee barely misses you. The killer bee stings you. x2
* * * LOW HITPOINT WARNING * * *
It was a potion of curing.
You feel better. You block the killer bee's attack.
The killer bee barely misses you. You furiously retaliate!
You headbutt the killer bee! The killer bee barely misses you.
You furiously retaliate!
You headbutt the killer bee! You block the killer bee's attack.
The killer bee stings you.
* * * LOW HITPOINT WARNING * * *
You miss the killer bee. You barely miss the killer bee.
You miss the killer bee.
Your shield and scale mail prevent you from hitting the killer bee.
You block the killer bee's attack. x2; The killer bee barely misses you.
The killer bee stings you.
* * * LOW HITPOINT WARNING * * *
The killer bee stings you.
* * * LOW HITPOINT WARNING * * *
The killer bee barely misses you. You block the killer bee's attack.
The killer bee stings you.
You die...

##### #. #...# #. #...#
.. ######...# ## .
#........# ##. #.
##.####...# #..
#.#.#.####..# #...# ##..
#....yyy##.## #...###...
##.#.#@#..# #...#.....
......yy...######.#...#.#
.......y............(....
..........#....#####...##
......########.###....###
...... #.....).......
...... #.#....##..###
...... ##........# ...
....######...


You could see 6 killer bees.

Vanquished Creatures
  2 adders (D:2)
  3 oozes
  2 worms
  A dart slug (D:2)
  4 leopard geckos
  5 orcs (D:3)
  2 ball pythons
  4 bats
  2 giant cockroaches (D:1)
  5 goblins
  8 hobgoblins
  10 jackals
  A quokka (D:2)
  5 frilled lizards
  4 kobolds
  9 rats
67 creatures vanquished.

Notes
Turn   | Place    | Note
-------+----------+-------------------------------------------
     0 | D:1      | Da5id the Minotaur Fighter began the quest for the Orb.
     0 | D:1      | Reached XP level 1. HP: 19/19 MP: 0/0
    16 | D:1      | Reached skill level 3 in Axes
    55 | D:1      | Reached XP level 2. HP: 26/26 MP: 1/1
   209 | D:1      | Reached skill level 4 in Axes
   268 | D:1      | Reached XP level 3. HP: 30/31 MP: 2/2
   563 | D:2      | Found a shadowy altar of Dithmenos.
   636 | D:2      | Reached skill level 5 in Axes
   728 | D:2      | Found a faded altar of an unknown god.
   808 | D:2      | Reached XP level 4. HP: 39/39 MP: 3/3
  1300 | D:3      | Found a burning altar of Makhleb.
  1300 | D:3      | Noticed a balrug
  1354 | D:3      | Noticed a smoke demon
  1354 | D:3      | Noticed a smoke demon
  1356 | D:3      | Became a worshipper of Makhleb the Destroyer
  1433 | D:3      | Reached skill level 6 in Axes
  1458 | D:3      | Slain by a killer bee

Vault maps used:
D:1:      minmay_arrival_semitransparent
D:2:      nicolae_dithmenos_shadow_blocks, chequers_ecumenical_altar_twisty
D:3:      first_bread, minmay_misc_feat_square, makhleb_altar_promises_db

Skill      XL: |  1  2  3  4 |
---------------+-------------+-----
Axes           | 3 4 5 6 |  6.0
Fighting       | |  3.6
Armour         | |  3.6
Shields        | |  3.6

Action                   |  1- 3 |  4- 6 || total
-------------------------+-------+-------++-------
Melee: War axe           |   105 |    51 ||   156
       Headbutt          |    10 |     8 ||    18
  Use: Potion            |       |     2 ||     2
  Eat: Chunk             |       |     2 ||     2
Armor: Scale mail        |    47 |    13 ||    60
Dodge: Dodged            |    35 |    24 ||    59
Block: Shield            |    75 |    36 ||   111
